AoeStats
← die trying

Arabia

503413388Analyzed
1v1 RM · 1mo ago on Aug 31, 2026· 16m 16s· 2 players
Game mode
Random Map
Map size
Tiny (2 player)
Population
200
Speed
Normal
Resources
Standard
Victory
Conquest
Starting age
Dark Age
Ending age
Imperial Age
RankedLock teamsTeams togetherTeam positionsShared explorationLock speedFull tech treeHidden civsTurbo modeCheats
Victory
Defeat
🇨🇱 Mongols · Chile
1833
+16
🇮🇳 Hindustanis · India
1823
-16
Valar
7:17 Loom
9:35 Feudal Age
12:22 Town Watch
12:25 Double-Bit Axe
13:38 Fletching
die trying
8:26 Feudal Age
8:27 Man-at-Arms
12:59 Fletching
15:54 Double-Bit Axe
16:19 Padded Archer Armor
Connection lost

Rejoining the realm…

Still unreachable

The connection could not be restored.

Session expired

The server has moved on; the page needs a fresh start.